 Dungeon Crawl Stone Soup version 0.29-a0-23-ga79f92ac9c (webtiles) character file.

Game seed: 13379601399190360077

105 HallandMoats the Poker (level 4, 0/33 HPs)
             Began as an Octopode Monk on Jan 31, 2022.
             Slain by a hornet zombie (11 damage)
             ... on level 3 of the Dungeon.
             The game lasted 00:01:55 (2411 turns).

HallandMoats the Poker (Octopode Monk)              Turns: 2411, Time: 00:01:55

Health: 0/33       AC:  1    Str: 16    XL:     4   Next: 83%
Magic:  5/5        EV: 14    Int: 12    God:
Gold:   131        SH:  0    Dex: 14    Spells: 3/3 levels left

rFire   . . .      SeeInvis .   h - +9 falchion of Oloeqacy {flame, rC+ Str+4}
rCold   + . .      Faith    .   (no shield)
rNeg    . . .      Spirit   .   (helmet restricted)
rPois   .          Reflect  .   (no amulet)
rElec   .          Harm     .   (no ring)
rCorr   .          Rampage  .   (no ring)
Will    .....                   (no ring)
Stlth   +++.......              (no ring)
HPRegen 0.11/turn               (no ring)
MPRegen 0.09/turn               (no ring)
                                (no ring)
                                (no ring)

@: no status effects
A: almost no armour, amphibious, 8 rings, camouflage 1, gelatinous body 1,
(nimble swimmer 1), tentacles
a: no special abilities


You were on level 3 of the Dungeon.
You visited 1 branch of the dungeon, and saw 3 of its levels.

You collected 131 gold pieces.

Inventory:

Hand Weapons
 a - a +0 spear
 h - the +9 falchion of Oloeqacy (weapon) {flame, rC+ Str+4}
   (You found it on level 3 of the Dungeon)

   It burns those it strikes, dealing additional fire damage.
   Big, fiery blades are also staple armaments of hydra-hunters.
   Str:       It affects your strength (+4).
   rC:        It protects you from cold.
Missiles
 b - a throwing net (quivered)
Scrolls
 c - a scroll of blinking {unknown}
 d - a scroll of enchant armour {unknown}
 e - 2 scrolls of identify {unknown}
 i - a scroll of teleportation {unknown}
Potions
 f - a potion of curing {unknown}
 g - a potion of heal wounds {unknown}


   Skills:
 * Level 3.7 Fighting
 * Level 3.7 Polearms
 + Level 3.3 Dodging
 + Level 3.1 Stealth
 + Level 1.2 Shields
 + Level 1.6 Invocations


You had 3 spell levels left.
You didn't know any spells.
Your spell library contained the following spells:

 Spells                   Type           Power      Damage    Failure   Level
 Animate Skeleton         Necr           0%         N/A       32%         1
 Pain                     Necr           0%         1d4       32%         1
 Vampiric Draining        Necr           0%         2d6       69%         3


Dungeon Overview and Level Annotations

Branches:
Dungeon (3/15)

Altars:


Innate Abilities, Weirdness & Mutations

You cannot wear most types of armour.
You are amphibious.
You can wear up to eight rings at the same time.
Your skin changes colour to match your surroundings (Stealth+).
Your rubbery body absorbs attacks. (AC +1, EV +1)
((You are camouflaged when in or above water. (Stealth+)))
You have tentacles for arms and can constrict up to eight enemies at once.


Message History

No target in view!
No target in view!
Magic restored.
Things that are here:
a +0 dagger; a +0 scale mail; a kobold corpse You now have 131 gold pieces (gained 7).
Found a stone staircase leading down.
i - a scroll labelled XUYWOC EWUE An orc wizard comes into view.
It is wielding a +0 dagger.
There is a stone staircase leading down here.
An orc wizard is nearby!
An orc wizard is nearby!
An orc priest comes into view. It is wielding a +0 hand axe.
An orc comes into view.
It is wielding a +4 short sword of draining.
An orc comes into view. It is wielding a +0 club.
The orc shouts! x2; The orc priest shouts!
The orc priest looks satisfied for a moment.
A hornet zombie comes into view.
You slash the orc priest! You burn the orc priest.
You kill the orc priest!
The orc hits you with a +4 short sword of draining.
You feel drained.
Your life force feels restored.
Your Stealth skill increases to level 3!
You slash the orc! You burn the orc.
You kill the orc!
You slash the orc! You burn the orc.
You kill the orc!
The orc wizard mumbles some strange words.
The orc wizard flickers and vanishes!
Deactivating autopickup; reactivate with Ctrl-A.
The hornet zombie hits you but does no damage.
You closely miss the hornet zombie. Your grab misses the hornet zombie.
You completely miss something. Your squeeze misses something.
Something hits you but does no damage. The hornet zombie misses you.
You slash something! You burn something. Your squeeze misses something.
The hornet zombie hits you! Something completely misses you.
The hornet zombie barely misses you. Something hits you.
The hornet zombie hits you!
You die...

#.#..## #.#...##########
#..............#
#.......#.####.#####
###...................
#.........>.####..####
.........#..# #..####
.##.....#..####......
.##.#.Z@...#..........##
......)..####...........
.#....).## ######.###.#
......... #####.##.##
.#...#.... ........##
..#.######. ########.##
# #. .# ###.# # # #...>
#.#.)


You could see a hornet zombie.

Vanquished Creatures
  An orc priest (D:3)
  2 adders (D:2)
  A dart slug (D:1)
  9 orcs (D:3)
  6 ball pythons
  5 endoplasms
  A giant cockroach (D:1)
  4 hobgoblins
  4 kobolds
  A quokka (D:2)
  4 bats
  2 frilled lizards
  6 rats
46 creatures vanquished.

Notes
Turn   | Place    | Note
-------+----------+-------------------------------------------
     0 | D:1      | HallandMoats the Octopode Monk began the quest for the Orb.
     0 | D:1      | Reached XP level 1. HP: 16/16 MP: 1/1
   280 | D:1      | Reached XP level 2. HP: 21/21 MP: 2/2
   874 | D:2      | Reached XP level 3. HP: 20/26 MP: 3/3
  1845 | D:2      | Reached skill level 1 in Shields
  1845 | D:2      | Reached skill level 1 in Invocations
  1918 | D:3      | Reached XP level 4. HP: 15/31 MP: 4/4
  2204 | D:3      | Identified the +9 falchion of Oloeqacy {flame, rC+ Str+4}
  2225 | D:3      | Found a faded altar of an unknown god.
  2411 | D:3      | Slain by a hornet zombie

Illustrated notes

Levels and vault maps discovered:
D:1:      lemuel_arrival_room, layout_basic
D:2:      layout_basic
D:3:      layout_loops_ring, lemuel_tele_altar,
          ebering_ecumenical_altar_petrified

Skill      XL: |  1  2  3  4 |
---------------+-------------+-----
Shields        | 1 |  1.2
Invocations    | 1 |  1.6
Stealth        | 3 |  3.1
Fighting       | |  3.7
Polearms       | |  3.7
Dodging        | |  3.3

Action                   |  1- 3 |  4- 6 || total
-------------------------+-------+-------++-------
Melee: Spear             |    78 |    14 ||    92
       Tentacles         |    12 |     3 ||    15
       Constrict         |    10 |     4 ||    14
       Punch             |     1 |       ||     1
       Falchion          |       |    10 ||    10
 Stab: Sleeping          |    16 |     5 ||    21
Armor: Skin              |     3 |     2 ||     5
Dodge: Dodged            |    22 |     8 ||    30

Table legend: (Time is in decaauts)
 A = Elapsed time spent in this place.
 B = Non-inter-level travel time spent in this place.
 C = Inter-level travel time spent in this place.
 D = Time resting spent in this place.
 E = Time spent auto-exploring this place.
 F = Levels seen in this place.
 G = Mean time per level.
                   A        B        C        D        E       F      G
               +--------+--------+--------+--------+--------+-----+--------+
         Total |   2407 |   2370 |     37 |    189 |   1882 |   3 |  802.3 |
       Dungeon |   2407 |   2370 |     37 |    189 |   1882 |   3 |  802.3 |
               +--------+--------+--------+--------+--------+-----+--------+

Top non-repeatable levels by time:
     D:2: 1033 daAuts
     D:1: 864 daAuts
     D:3: 509 daAuts
